 Dungeon Crawl Stone Soup version 0.16.1-14-g82efdee (webtiles) character file.

557417 jacksonaction the Bludgeoner (level 24, 195/195 HPs)
             Began as a Centaur Fighter on Apr 10, 2015.
             Was the Champion of Jiyva.
             Quit the game on level 5 of the Depths on Apr 12, 2015.
             The game lasted 11:17:16 (77586 turns).

jacksonaction the Bludgeoner (Centaur Fighter)     Turns: 77586, Time: 11:17:16

Health: 195/195    AC: 34    Str: 26    XL:     24   Next: 66%
Magic:  23/23      EV: 11    Int:  8    God:    Jiyva [******]
Gold:   6010       SH: 26    Dex: 17    Spells: 7 memorised, 4 levels left

rFire  . . .     SeeInvis .     B - +12 demon whip "Phaucu Grea" {vamp, rN++ Str-3 Int+3}
rCold  + . .     Clarity  +     g - +8 chain mail of Amelioration {MR++ rCorr Int-2 Stlth+}
rNeg   + + +     SustAb   .     V - +4 large shield {rN+}
rPois  +         Gourm    .     (helmet restricted)
rElec  +         Spirit   .     A - +2 cloak {rPois}
rCorr  +         Warding  .     F - +1 pair of gloves
rMut   .         Stasis   .     o - +1 centaur barding of Elyvilon's Envy {MR+ Regen+ Str+4}
MR     +++++                    q - amulet of Zasmigu {Clar rN++ Str+4 Slay-5 Stlth-}
Stlth  ..........               Y - ring of Divine Compulsion {Ice +Blink rElec MP-9 Int+3 Dex-5}
                                Q - ring "Duanunak" {rF+ MR+}

@: very quick, almost entirely resistant to hostile enchantments, extremely
unstealthy
A: beak, hooves 3, blink 1, clarity, deformed body, speed 2, mutation resistance
1, tough skin 3, wild magic 1, acidic bite
a: Blink, Request Jelly, Jelly Paralyse, Slimify, Cure Bad Mutation, Renounce
Religion, Evoke Blink
}: 4/15 runes: decaying, slimy, silver, gossamer


You were on level 5 of the Depths.
You worshipped Jiyva.
Jiyva was exalted by your worship.
You were completely stuffed.

You visited 10 branches of the dungeon, and saw 57 of its levels.
You also visited: Labyrinth, Ice Cave and Wizlab.

You collected 8619 gold pieces.
You spent 2609 gold pieces at shops.

Inventory:

Hand weapons
 B - the +12 demon whip "Phaucu Grea" (weapon) {vamp, rN++ Str-3 Int+3}
   (Okawaru gifted it to you on level 6 of the Lair of Beasts)

   It inflicts no extra harm, but heals its wielder somewhat when it strikes a
   living foe.
   It affects your strength (-3).
   It affects your intelligence (+3).
   It greatly protects you from negative energy.
 W - the +12 morningstar of Distraction {freeze, rElec rF+ rC- MR+ Dex-4}
   (You found it on level 6 of the Pits of Slime)

   It has been specially enchanted to freeze those struck by it, causing extra
   injury to most foes and up to half again as much damage against particularly
   susceptible opponents.
   It can also slow down cold-blooded creatures.
   It affects your dexterity (-4).
   It protects you from fire.
   It makes you vulnerable to cold.
   It insulates you from electricity.
   It affects your resistance to hostile enchantments.
Missiles
 v - 10 steel javelins
 G - 7 javelins of penetration
 I - 5 poisoned javelins (quivered)
Armour
 g - the +8 chain mail of Amelioration (worn) {MR++ rCorr Int-2 Stlth+}
   (Okawaru gifted it to you on level 4 of the Depths)

   It affects your intelligence (-2).
   It affects your resistance to hostile enchantments.
   It protects you from acid and corrosion.
   It makes you more stealthy.
 o - the +1 centaur barding of Elyvilon's Envy (worn) {MR+ Regen+ Str+4}
   (You acquired it on level 1 of the Vaults)

   It affects your strength (+4).
   It affects your resistance to hostile enchantments.
   It increases your rate of regeneration.
 A - a +2 cloak of poison resistance (worn)
 F - a +1 pair of gloves (worn)
 T - a +1 helmet of intelligence
 V - a +4 large shield of positive energy (worn)
Jewellery
 j - an uncursed amulet of stasis
 k - the ring of Putagat {+Fly Int+2 Stlth+}
   (You took it off a deep elf demonologist on level 4 of the Depths)

   [ring of stealth]

   It affects your intelligence (+2).
   It lets you fly.
   It makes you more stealthy.
 q - the amulet of Zasmigu (around neck) {Clar rN++ Str+4 Slay-5 Stlth-}
   (You found it on level 1 of the Spider Nest)

   [amulet of clarity]

   It provides mental clarity.
   It affects your strength (+4).
   It affects your accuracy and damage with ranged weapons and melee attacks
   (-5).
   It greatly protects you from negative energy.
   It makes you less stealthy.
 Q - the ring "Duanunak" (left hand) {rF+ MR+}
   (You took it off a deep elf sorcerer on level 3 of the Elven Halls)

   [ring of protection from fire]

   It protects you from fire.
   It affects your resistance to hostile enchantments.
 S - an uncursed ring of teleport control
 X - the ring "Schexon" {rPois MP+9 SInv}
   (You took it off an orc on level 5 of the Vaults)

   [ring of see invisible]

   It protects you from poison.
   It affects your magic capacity (+9).
   It enhances your eyesight.
 Y - the ring of Divine Compulsion (right hand) {Ice +Blink rElec MP-9 Int+3 Dex-5}
   (You found it in a labyrinth)

   [ring of ice]

   It enhances your ice magic, and weakens your fire magic.
   It affects your intelligence (+3).
   It affects your dexterity (-5).
   It makes you vulnerable to fire.
   It protects you from cold.
   It insulates you from electricity.
   It affects your magic capacity (-9).
   It lets you blink.
Magical devices
 r - a wand of hasting (1)
 z - a wand of disintegration (6)
 K - a wand of hasting (3)
 L - a wand of heal wounds (2)
Scrolls
 a - 2 scrolls of holy word
 f - 18 scrolls of remove curse
 i - 6 scrolls of blinking
 l - 7 scrolls of summoning
 m - 10 scrolls of magic mapping
 y - 8 scrolls of teleportation
 M - 10 scrolls of recharging
 O - 7 scrolls of identify
 R - 11 scrolls of fear
Potions
 e - 7 potions of might
 h - 6 potions of haste
 n - 13 potions of brilliance
 p - 7 potions of agility
 w - 5 potions of invisibility
 x - 14 potions of curing
 D - 3 potions of cancellation
 H - 2 potions of resistance
 J - 8 potions of heal wounds
 N - 9 potions of restore abilities
 P - 2 potions of cure mutation
 U - 6 potions of berserk rage
Books
 b - the Disquisition on the Escort
   (You found it on level 5 of the Vaults)

   Spells                             Type                      Level
   a - Summon Small Mammal            Summoning                    1
   b - Call Imp                       Summoning                    2
   c - Summon Mana Viper              Hexes/Summoning              5
   d - Summon Demon                   Summoning                    5
 u - a book of Necromancy

   Spells                             Type                      Level
   a - Pain                           Necromancy                   1
   b - Animate Skeleton               Necromancy                   1
   c - Vampiric Draining              Necromancy                   3
   d - Regeneration                   Charms/Necromancy            3
   e - Animate Dead                   Necromancy                   4
   f - Control Undead                 Necromancy                   4
 E - a book of Burglary

   Spells                             Type                      Level
   a - Swiftness                      Charms/Air                   2
   b - Passwall                       Transmutation/Earth          3
   c - Passage of Golubria            Translocation                4
   d - Lee's Rapid Deconstruction     Earth                        5
   e - Invisibility                   Hexes                        6
   f - Darkness                       Hexes                        7
Miscellaneous
 c - a crystal ball of energy


   Skills:
 - Level 12.0 Fighting
   Level 6.4 Long Blades
 + Level 19.7 Maces & Flails
   Level 11.7 Polearms
 - Level 10.0 Throwing
 - Level 15.0 Armour
 - Level 11.0 Dodging
 - Level 10.5 Stealth
 - Level 17.2 Shields
 - Level 1.0 Conjurations
   Level 10.2 Invocations


You had 4 spell levels left.
You knew the following spells:

 Your Spells              Type           Power        Failure   Level  Hunger
a - Invisibility          Hex            #.......     100%        6    #######
b - Apportation           Tloc           #.........   99%         1    ##.....
c - Beastly Appendage     Trmt           #.....       99%         1    ##.....
d - Portal Projectile     Tloc           #.....       100%        3    ####...
e - Irradiate             Conj/Trmt      #.........   100%        5    ######.
f - Corona                Hex            #......      99%         1    ##.....
g - Blink                 Tloc           N/A          100%        2    ###....


Dungeon Overview and Level Annotations

Branches:
Dungeon (15/15)            Temple (0/1) D:6            Lair (8/8) D:11
  Swamp (5/5) Lair:5       Spider (5/5) Lair:3        Slime (6/6) Lair:8
    Orc (4/4) D:10            Elf (3/3) Orc:4        Vaults (5/5) D:14
 Depths (5/5) D:15           Hell (1/1)                 Zot (0/5) Depths:5
  Crypt: Vaults:2-3     Dis: Hell:1         Geh: Hell:1         Coc: Hell:1
    Tar: Hell:1

Altars:
Ashenzari
Dithmenos
Elyvilon
Fedhas
Gozag
Makhleb
Nemelex Xobeh
Okawaru
Qazlal
Ru
Sif Muna
Vehumet
Xom
Yredelemnul
Zin
The Shining One
Jiyva

Shops:
D:9 [   D:12 =?   Orc:3 }   Orc:4 [*(=   Elf:2 }   Elf:3 (   Vaults:4 %
Vaults:5 [   Depths:5 (

Portals:
Hell: Depths:1 Depths:2 Depths:3 Depths:4 Depths:5
Abyss: Depths:2 Depths:3 Depths:4
Pandemonium: Depths:3 Depths:4 Depths:5
Ziggurat: Depths:1

Annotations:
Lair:8 exclusion: oklob plant
Slime:6 Royal Jelly
Hell Geryon


Innate Abilities, Weirdness & Mutations

You have hooves in place of feet.
Armour fits poorly on your strangely shaped body.
You cover ground very quickly.
You have extremely tough skin (AC +3).
You have a beak for a mouth.
You can translocate small distances at will.
You possess an exceptional clarity of mind.
You are somewhat resistant to further mutation.
Your spells are a little harder to cast, but a little more powerful.
You have acidic saliva.


Message History

You start resting.
You hear a distant "Zot"!
You hear a distant slurping noise.
Jiyva appreciates your sacrifice.
You feel a little less hungry.
You feel a little better. Jiyva appreciates your sacrifice.
You feel a little less hungry.
You feel a little better. Jiyva appreciates your sacrifice.
You feel a little less hungry.
You feel a little better.
You start resting.
You hear a distant "Zot"!
You hear a distant slurping noise.
You feel a little less hungry.
You feel a little better.
You start resting.
HP restored.
Saving game... please wait.
Welcome back, jacksonaction the Centaur Fighter.
Slime for the Slime God!
Press ? for a list of commands and other information.
Are you sure you want to abandon this character and quit the game? (Confirm with "yes".)

#[# #..... #)# ##...#.
##♣#)# #....#. ♣.∩.♣#
##...##. #.♣.†# #....##.
#....## ######...####
###...#### #...........#
#..#.#..####.#####.<##'#
##.##'#.@.#...# #..#...
#.##......#.### #####..
##.#..##.###.# ### ##.
#..#..##.'...# ###.## ##
#..##....##.## #.)..## #
##..##..##..### #)#...##
#...####..##.####.##...##
###......##...##.#)##...#
###..###..#.#.[#[###..'


There were no monsters in sight!

Vanquished Creatures
  4 caustic shrikes
  5 golden dragons
  Frederick (Vaults:2)
  A bone dragon (Depths:5)
  A Hellbinder (WizLab)
  7 liches
  7 tentacled monstrosities
  6 titans
  A deep elf master archer (Elf:3)
  Asterion (Swamp:1)
  3 deep elf blademasters
  A quicksilver dragon (Depths:4)
  3 octopode crushers (Depths:4)
  Rupert (Swamp:5)
  The ghost of kaibutsu the Severer, a mighty OpBe of Trog (Vaults:1)
  A draconian monk (Depths:5)
  Kirke (Swamp:3)
  12 shadow dragons
  A thorn hunter (Swamp:5)
  10 tengu reavers
  5 sphinxes
  15 vault wardens
  2 iron dragons
  Wiglaf (Elf:2)
  13 frost giants
  9 fire giants
  An azure jelly (Lair:8)
  A draconian scorcher (Depths:5)
  Aizul (Swamp:4)
  An orc warlord (Orc:4)
  2 ghost moths (Spider:5)
  14 ironheart preservers
  Gastronok (Orc:3)
  11 emperor scorpions
  9 deep elf sorcerers
  A spectral weapon (Swamp:1)
  A draconian annihilator (Depths:5)
  Jorgrun (Elf:2)
  3 spriggan defenders
  A reaper (WizLab)
  24 stone giants
  11 very ugly things
  A grey draconian (Depths:5)
  15 rakshasas
  An apis (Depths:5)
  2 vampire knights
  12 deep elf demonologists
  4 white draconians
  A lorocyproca (Depths:4)
  Azrael (D:14)
  3 dire elephants
  A black draconian (Depths:5)
  5 deep elf annihilators
  A pale draconian (Depths:5)
  3 purple draconians
  A crystal guardian (Vaults:4)
  Snorg (Swamp:3)
  2 unborn (Vaults:2)
  3 minotaurs
  17 vault guards
  14 ettins
  2 green deaths (WizLab)
  12 deep elf death magi
  16 yaktaur captains
  15 great orbs of eyes
  13 fire dragons
  A merfolk impaler (Depths:4)
  The ghost of Zell789 the Cleaver, a powerful FoFi of Ru (D:12)
  Fannar (Lair:2)
  2 hell beasts (WizLab)
  7 deep elf high priests
  7 ice dragons
  Nessos (Orc:3)
  10 alligators
  10 deep troll earth magi
  A monstrous demonspawn (Depths:4)
  9 spriggan air magi
  25 hydras
  A catoblepas (Depths:2)
  19 dancing weapons (Elf:2)
  5 orc high priests
  10 ogre magi
  3 ghost crabs
  9 centaur warriors
  29 death yaks
  9 deep troll shamans
  A death yak (shapeshifter) (Depths:4)
  3 spriggan berserkers (Depths:2)
  A vampire mage (Depths:3)
  3 sun demons
  8 large abominations (Depths:2)
  A soul eater (Vaults:5)
  8 hell knights
  A spriggan rider (Swamp:3)
  A shock serpent (shapeshifter) (Depths:2)
  Nergalle (Lair:3)
  18 deep elf knights
  The ghost of Golfball the Shield-Bearer, an experienced MiFi of Trog (Lair:1)
  A salamander mystic (Depths:3)
  2 iron trolls (D:9)
  32 deep trolls
  5 skeletal warriors (D:15)
  An ice devil (WizLab)
  A fire crab (Vaults:1)
  A shadow wraith (Vaults:5)
  Erolcha (Orc:2)
  3 wizards
  15 deep elf summoners
  A spriggan druid (Swamp:5)
  3 flayed ghosts
  An anubis guard (shapeshifter) (Depths:3)
  2 giant orange brains
  A shambling mangrove (Swamp:5)
  6 unseen horrors
  7 hill giants
  10 swamp dragons
  A putrid demonspawn (Depths:4)
  11 ironbrand convokers
  6 harpies
  4 orc sorcerers
  A harpy (shapeshifter) (Depths:5)
  15 orb spiders
  8 cyclopes
  3 necromancers
  15 orc knights
  An apis zombie (Depths:5)
  7 hornets
  7 griffons
  A wolf spider (shapeshifter) (Depths:5)
  A manticore (shapeshifter) (Vaults:5)
  21 deep elf conjurers
  52 ugly things
  An orb spider (shapeshifter) (Elf:1)
  4 manticores
  3 phantasmal warriors (Vaults:5)
  A frost giant zombie (Vaults:3)
  3 moths of wrath
  17 wolf spiders
  4 salamanders (Depths:3)
  A shining eye (shapeshifter) (Vaults:5)
  An elephant (shapeshifter) (Depths:3)
  4 elephants (Lair:6)
  3 black mambas
  4 orange demons (WizLab)
  12 vault sentinels
  A rust devil (Elf:3)
  29 spiny frogs
  7 torpor snails
  3 centaur skeletons
  2 hellions (WizLab)
  A gargoyle (D:14)
  A smoke demon (Depths:3)
  61 yaktaurs
  3 kobold demonologists
  A yaktaur (shapeshifter) (Depths:4)
  An efreet (D:13)
  2 fire drakes
  6 demonic crawlers
  A yaktaur skeleton (Vaults:3)
  13 deep elf priests
  A jumping spider (shapeshifter) (Vaults:5)
  10 trolls
  11 komodo dragons
  2 komodo dragons (shapeshifter)
  A queen bee (Lair:4)
  A human skeleton (Vaults:3)
  2 blue devils (WizLab)
  23 jumping spiders
  2 red devils (WizLab)
  A hellwing (Depths:3)
  A polar bear (Lair:8)
  4 freezing wraiths
  6 baby alligators
  11 two-headed ogres
  35 slime creatures
  4 ravens
  10 giant leeches
  7 boulder beetles
  7 bog bodies
  A trapdoor spider zombie (D:13)
  A boulder beetle (shapeshifter) (Depths:5)
  2 harpy skeletons
  A spectral hornet (Swamp:2)
  2 basilisks (shapeshifter)
  A raven (shapeshifter) (Depths:1)
  16 blink frogs
  7 air elementals
  3 basilisks
  A spriggan (shapeshifter) (Elf:3)
  9 water elementals
  27 tarantellas
  2 ynoxinuls
  3 spriggans
  48 redbacks
  25 trapdoor spiders
  26 deep elf fighters
  A human (D:7)
  2 wraiths
  29 yaks
  27 deep elf magi
  Eustachio (D:6)
  3 wyverns
  4 shadows (Lab)
  A redback (shapeshifter) (Depths:2)
  Grum (Orc:1)
  A warg (shapeshifter) (Vaults:3)
  6 hungry ghosts
  5 fire elementals (D:14)
  11 wargs
  13 hippogriffs
  A chaos spawn (Depths:2)
  A swamp worm (shapeshifter) (Depths:4)
  2 hogs (Swamp:3)
  17 wolves
  36 vampire mosquitoes
  A yaktaur simulacrum (Vaults:3)
  4 mottled dragons
  22 swamp worms
  5 insubstantial wisps (Swamp:3)
  11 porcupines
  4 small abominations
  7 hell hounds
  3 sky beasts
  14 ice beasts
  8 swamp drakes
  32 spiders
  22 water moccasins
  A black bear (D:12)
  48 orc warriors
  2 phantoms
  A wasp (shapeshifter) (Vaults:5)
  4 wasps
  17 crocodiles
  4 eyes of draining
  A manticore zombie (Depths:5)
  A boggart (Depths:2)
  43 ogres
  11 centaurs
  Duvessa (D:4)
  2 big kobolds
  A boring beetle (Lair:3)
  The ghost of murphyslaw the Conjurer, an average DEWz (D:3)
  35 giant frogs
  2 hell hound zombies
  A water moccasin zombie (D:10)
  A wyvern skeleton (D:13)
  53 killer bees
  2 wyvern zombies
  18 scorpions
  A scorpion (shapeshifter) (Vaults:5)
  11 wights
  12 electric eels
  A quasit (D:11)
  Dowan (D:4)
  3 centaur zombies
  2 giant frog zombies
  4 giant frog skeletons
  11 iguanas
  4 jellies
  A basilisk zombie (Depths:5)
  9 crimson imps
  34 orc priests
  5 hounds
  An iron imp (Depths:4)
  2 wasp zombies
  54 orc wizards
  Natasha (twice) (D:4)
  A hell rat (Elf:2)
  11 worker ants
  Ijyb (D:5)
  19 sheep
  A mummy (D:8)
  3 gnolls (D:5)
  16 adders
  37 river rats
  5 shadow imps
  6 giant mites
  2 white imps
  6 worms
  2 ufetubi (WizLab)
  An adder zombie (D:9)
  8 orc zombies (Orc:4)
  2 adder skeletons
  6 giant geckos
  4 oozes
  206 orcs
  22 bats
  A bat skeleton (D:5)
  A bat zombie (D:7)
  12 giant cockroaches
  23 goblins
  21 hobgoblins
  11 jackals
  22 kobolds
  14 quokkas
  2 ball pythons
  6 giant newts
  A giant spore (D:9)
  19 rats
  4 ballistomycetes (D:9)
  3 crawling corpses
  5 fungi
  2 plants (Lair:8)
2509 creatures vanquished.

Vanquished Creatures (others)
  A golden dragon (Depths:4)
  A deep elf master archer (Vaults:3)
  2 titans (Vaults:5)
  20 acid blobs
  4 tengu reavers
  A storm dragon (Vaults:5)
  2 fire giants
  A frost giant (Vaults:5)
  A vault warden (Vaults:5)
  A deep elf sorcerer (Vaults:5)
  5 azure jellies (Vaults:5)
  A reaper (WizLab)
  An ironheart preserver (Vaults:5)
  4 stone giants (Vaults:5)
  A deep elf demonologist (WizLab)
  A vampire knight (Depths:3)
  A red draconian (Vaults:4)
  7 vault guards (Vaults:5)
  An ettin (Vaults:5)
  3 yaktaur captains (Vaults:5)
  2 deep elf high priests
  A great orb of eyes (Slime:6)
  A deep troll earth mage (Depths:5)
  A soul eater (Vaults:5)
  A deep elf knight (Vaults:4)
  A deep troll (Vaults:5)
  An orc knight (Vaults:4)
  A cyclops (Vaults:5)
  An orange demon (Vaults:5)
  A vault sentinel (Vaults:5)
  2 yaktaurs (Vaults:5)
  12 slime creatures
  A freezing wraith (Vaults:5)
  2 orc warriors
  A deep elf mage (Elf:1)
  3 deep elf fighters (Vaults:4)
  A redback (Spider:3)
  3 vampire mosquitoes (Vaults:5)
  2 water moccasins (Swamp:3)
  A spider (Spider:3)
  2 eyes of draining
  An ogre (Vaults:4)
  2 lost souls
  57 jellies
  A worker ant (Elf:3)
  A shadow imp (D:14)
  2 kobolds
  A giant spore (D:11)
  A crawling corpse (Vaults:5)
  3 fungi
  2 plants (Lair:8)
171 creatures vanquished.

Grand Total: 2680 creatures vanquished

Notes
Turn   | Place    | Note
--------------------------------------------------------------
     0 | D:1      | jacksonaction, the Centaur Fighter, began the quest for the Orb.
     0 | D:1      | Reached XP level 1. HP: 19/19 MP: 1/1
     1 | D:1      | Found a runed door.
   199 | D:1      | Reached XP level 2. HP: 26/26 MP: 2/2
   988 | D:1      | Reached XP level 3. HP: 27/31 MP: 3/3
  1173 | D:2      | Found an opulent altar of Gozag.
  1317 | D:2      | Found an iron altar of Okawaru.
  1325 | D:2      | Became a worshipper of Warmaster Okawaru
  1357 | D:2      | Reached XP level 4. HP: 23/38 MP: 3/3
  1418 | D:2      | Reached skill level 4 in Polearms
  1995 | D:2      | Found a radiant altar of Vehumet.
  2057 | D:3      | Found a sacrificial altar of Ru.
  2269 | D:3      | Noticed murphyslaw's ghost (average DEWz)
  2289 | D:3      | Killed murphyslaw's ghost
  2289 | D:3      | Reached skill level 5 in Polearms
  2289 | D:3      | Reached XP level 5. HP: 37/45 MP: 4/4
  2395 | D:3      | Found a deep blue altar of Sif Muna.
  2661 | D:3      | Found a shattered altar of Ashenzari.
  2759 | D:4      | Noticed a centaur
  2849 | D:4      | Noticed Natasha
  2850 | D:4      | Noticed an ogre
  3139 | D:4      | Acquired Okawaru's first power
  3380 | D:4      | Reached XP level 6. HP: 51/51 MP: 5/5
  3436 | D:4      | Killed an ogre
  3436 | D:4      | Reached skill level 6 in Polearms
  3478 | D:4      | Reached skill level 1 in Invocations
  3484 | D:4      | Killed Natasha
  3718 | D:4      | Noticed Natasha
  3750 | D:4      | Killed a centaur
  3752 | D:4      | Killed Natasha
  3912 | D:4      | Noticed Duvessa
  3934 | D:4      | Noticed Dowan
  3938 | D:4      | Killed Duvessa
  3938 | D:4      | Reached XP level 7. HP: 52/57 MP: 7/10
  3959 | D:4      | Killed Dowan
  4548 | D:5      | Entered Level 5 of the Dungeon
  4848 | D:5      | Noticed Ijyb
  4863 | D:5      | Killed Ijyb
  5051 | D:5      | Reached XP level 8. HP: 63/63 MP: 12/12
  5427 | D:5      | Found a white marble altar of Elyvilon.
  5565 | D:5      | Reached skill level 5 in Shields
  5875 | D:5      | Found a white marble altar of Elyvilon.
  5899 | D:5      | Got an ebony dagger
  5900 | D:5      | Identified the +4 dagger "Traewnu" {holy, rF+} (You found it on level 5 of the Dungeon)
  5983 | D:6      | Noticed Eustachio
  6040 | D:6      | Killed Eustachio
  6184 | D:6      | Reached skill level 5 in Armour
  6474 | D:6      | Learned a level 6 spell: Invisibility
  6481 | D:6      | Found a staircase to the Ecumenical Temple.
  6497 | D:6      | Learned a level 1 spell: Apportation
  6547 | D:6      | Reached XP level 9. HP: 69/69 MP: 13/13
  6825 | D:6      | Found a blossoming altar of Fedhas.
  6981 | D:6      | Found a sparkling altar of Nemelex Xobeh.
  7007 | D:6      | Reached skill level 7 in Polearms
  7365 | D:7      | Found a burning altar of Makhleb.
  7487 | D:7      | Reached skill level 1 in Throwing
  8438 | D:7      | Received a gift from Okawaru
  8438 | D:7      | Reached skill level 5 in Throwing
  9307 | D:8      | Reached skill level 8 in Throwing
  9388 | D:8      | Found a basalt altar of Yredelemnul.
  9931 | D:9      | Reached XP level 10. HP: 71/77 MP: 14/14
 10150 | D:9      | Found a runed door.
 10151 | D:9      | Found a runed door.
 11048 | D:9      | Found a stormy altar of Qazlal.
 11048 | D:9      | Found a glowing silver altar of Zin.
 11218 | D:9      | Found Ehaazujezi's Antique Armour Shop.
 11538 | D:9      | Noticed a deep troll
 11538 | D:9      | Noticed an iron troll
 11538 | D:9      | Noticed an iron troll
 11578 | D:9      | Killed an iron troll
 11578 | D:9      | Received a gift from Okawaru
 11578 | D:9      | Reached skill level 9 in Polearms
 11624 | D:9      | Killed a deep troll
 11649 | D:9      | Reached skill level 10 in Polearms
 11934 | D:9      | Killed an iron troll
 12273 | D:9      | Acquired Okawaru's second power
 12431 | D:10     | Entered Level 10 of the Dungeon
 12483 | D:10     | Found Cosufrau's Magic Scroll Shoppe.
 12491 | D:10     | Bought a scroll of recharging for 114 gold pieces
 12491 | D:10     | Bought a scroll of identify for 24 gold pieces
 12491 | D:10     | Bought a scroll of identify for 24 gold pieces
 12491 | D:10     | Bought a scroll of enchant weapon for 90 gold pieces
 12491 | D:10     | Bought a scroll of brand weapon for 240 gold pieces
 12491 | D:10     | Bought a scroll of enchant armour for 90 gold pieces
 12491 | D:10     | Bought a scroll of amnesia for 42 gold pieces
 12491 | D:10     | Bought a scroll of random uselessness for 12 gold pieces
 12491 | D:10     | Bought a scroll of fear for 42 gold pieces
 12802 | D:10     | Received a gift from Okawaru
 12807 | D:10     | Reached XP level 11. HP: 78/82 MP: 16/16
 13097 | D:10     | Reached skill level 10 in Throwing
 13201 | D:10     | Found a staircase to the Orcish Mines.
 13776 | Orc:1    | Entered Level 1 of the Orcish Mines
 13776 | Orc:1    | Found a glowing golden altar of the Shining One.
 13794 | Orc:1    | Noticed Grum
 14205 | Orc:1    | Killed Grum
 14403 | D:9      | Bought a glowing helmet for 171 gold pieces
 14450 | D:10     | Bought a scroll of summoning for 114 gold pieces
 14450 | D:10     | Bought a scroll of vulnerability for 90 gold pieces
 14520 | Orc:2    | Noticed Erolcha
 14527 | Orc:2    | Killed Erolcha
 14631 | Orc:2    | Received a gift from Okawaru
 14722 | Orc:2    | Noticed an orc high priest
 14726 | Orc:2    | Noticed a sun demon
 14726 | Orc:2    | Noticed an ice devil
 14934 | D:10     | Noticed a hill giant
 14984 | D:10     | Killed a hill giant
 14984 | D:10     | Received a gift from Okawaru
 15079 | D:11     | Reached skill level 5 in Invocations
 15656 | D:11     | Found a staircase to the Lair.
 15930 | Lair:1   | Entered Level 1 of the Lair of Beasts
 16355 | Lair:1   | Received a gift from Okawaru
 16468 | Lair:1   | Noticed a five-headed hydra
 16497 | Lair:1   | Killed a five-headed hydra
 16497 | Lair:1   | Received a gift from Okawaru
 16497 | Lair:1   | Reached XP level 12. HP: 89/89 MP: 21/23
 16845 | Lair:1   | Noticed Golfball's ghost (experienced MiFi)
 16950 | Lair:1   | Killed Golfball's ghost
 17157 | Lair:2   | Noticed Fannar
 17177 | Lair:2   | Killed Fannar
 17177 | Lair:2   | Reached skill level 10 in Invocations
 17505 | Lair:2   | Got a transparent cloak
 17516 | Lair:2   | Identified the cursed +0 cloak of Failure {MR+} (You found it on level 2 of the Lair of Beasts)
 18244 | Lair:3   | Reached skill level 11 in Polearms
 18250 | Lair:3   | Found a frozen archway.
 18386 | IceCv    | Entered an ice cave
 18461 | IceCv    | Noticed jnmwhg's ghost (experienced DrTm)
 18845 | Lair:3   | Found a hole to the Spider Nest.
 19402 | Lair:3   | Noticed Nergalle
 19419 | Lair:3   | Killed Nergalle
 20090 | Lair:4   | Found a labyrinth entrance.
 20120 | Lab      | Entered a labyrinth
 20465 | Lab      | Received a gift from Okawaru
 20785 | Lab      | Noticed a minotaur
 20822 | Lab      | Killed a minotaur
 20828 | Lab      | Got a twisted falchion {venom}
 21039 | Lab      | Got a scorched ivory ring
 21041 | Lab      | Identified the ring of Divine Compulsion {Ice +Blink rElec MP-9 Int+3 Dex-5} (You found it in a labyrinth)
 21055 | Lab      | Identified the +11 falchion of Collusion {venom, rElec Str+3 Stlth-} (You took it off a minotaur in a labyrinth)
 21123 | Lair:4   | Reached skill level 1 in Long Blades
 21243 | Lair:4   | Reached XP level 13. HP: 53/94 MP: 13/25
 21532 | Lair:4   | Found a shadowy altar of Dithmenos.
 21629 | Lair:4   | Noticed a seven-headed hydra
 21667 | Lair:4   | Killed a seven-headed hydra
 22378 | Lair:4   | Reached skill level 5 in Long Blades
 23263 | Lair:5   | Found a staircase to the Swamp.
 23337 | Lair:5   | Received a gift from Okawaru
 23338 | Lair:5   | Got a steaming demon trident {god gift}
 23497 | Lair:5   | Identified the +5 demon trident of the Reaper {vamp, SInv} (Okawaru gifted it to you on level 5 of the Lair of Beasts)
 24318 | Lair:6   | Received a gift from Okawaru
 24335 | Lair:6   | Got an ivory demon whip {god gift}
 24536 | Lair:6   | Identified the +12 demon whip "Phaucu Grea" {vamp, rN++ Str-3 Int+3} (Okawaru gifted it to you on level 6 of the Lair of Beasts)
 24584 | Lair:6   | Reached skill level 1 in Maces & Flails
 25143 | Orc:2    | Gained mutation: You are robust (+10% HP). [a neqoxec]
 25155 | Orc:2    | Killed an orc high priest
 26055 | Orc:3    | Noticed Gastronok
 26082 | Orc:3    | Killed Gastronok
 26082 | Orc:3    | Reached XP level 14. HP: 95/112 MP: 9/26
 26138 | Orc:3    | You fall through a shaft!
 26138 | Orc:4    | Entered Level 4 of the Orcish Mines
 26138 | Orc:4    | Noticed an orc warlord
 26160 | Orc:4    | Reached skill level 5 in Maces & Flails
 26178 | Orc:4    | Received a gift from Okawaru
 26462 | Orc:4    | Found a staircase to the Elven Halls.
 26491 | Orc:3    | Found Isturhap's Gadget Boutique.
 26661 | Orc:3    | Noticed Nessos
 26712 | Orc:3    | Killed Nessos
 27098 | Orc:4    | Killed an orc warlord
 27198 | Orc:4    | Found Ziypoi Threda's Antique Armour Boutique.
 27252 | Orc:4    | Found Zenup's General Store.
 27252 | Orc:4    | Found Clepach's Jewellery Shop.
 27254 | Orc:4    | Found Twoer's Antique Weapon Boutique.
 27258 | Orc:4    | Bought a pair of jewelled gloves for 218 gold pieces
 27268 | Orc:4    | Identified the +0 pair of gloves of Ganuhuh {rElec Str-3 Int+4 Stlth+} (You bought it in a shop on level 4 of the Orcish Mines)
 27291 | Orc:4    | Bought a scroll of identify for 30 gold pieces
 27295 | Orc:4    | Bought a cursed ring of loudness for 54 gold pieces
 28321 | Lair:7   | Received a gift from Okawaru
 28638 | Lair:7   | Reached skill level 10 in Maces & Flails
 29290 | Lair:8   | Entered Level 8 of the Lair of Beasts
 29636 | Lair:8   | Received a gift from Okawaru
 29980 | Lair:8   | Found a runed door.
 29980 | Lair:8   | Found a viscous altar of Jiyva.
 29994 | Lair:8   | Reached skill level 10 in Armour
 29995 | Lair:8   | Noticed an azure jelly
 29997 | Lair:8   | Found a staircase to the Slime Pits.
 30162 | Lair:8   | Reached XP level 15. HP: 89/117 MP: 15/27
 30647 | Swamp:1  | Entered Level 1 of the Swamp
 30647 | Swamp:1  | Noticed Asterion
 30693 | Swamp:1  | Killed Asterion
 30767 | Swamp:1  | Found an iron altar of Okawaru.
 31567 | D:10     | Bought a scroll of magic mapping for 42 gold pieces
 31567 | D:10     | Bought a scroll of acquirement for 624 gold pieces
 32846 | Swamp:3  | Noticed Snorg
 32874 | Swamp:3  | Killed Snorg
 32880 | Swamp:3  | Received a gift from Okawaru
 32881 | Swamp:3  | Got a pair of crude gloves {god gift}
 32892 | Swamp:3  | Identified the +1 pair of gloves "Catsiat" {-Tele rElec rC+ MR+ Slay+2} (Okawaru gifted it to you on level 3 of the Swamp)
 33150 | Swamp:3  | Noticed Kirke
 33165 | Swamp:3  | Noticed a sphinx
 33188 | Swamp:3  | Killed Kirke
 34674 | Swamp:4  | Noticed Aizul
 34704 | Swamp:4  | Killed Aizul
 34704 | Swamp:4  | Reached skill level 10 in Shields
 34907 | Swamp:5  | Entered Level 5 of the Swamp
 35175 | Swamp:5  | Received a gift from Okawaru
 35204 | Swamp:5  | Reached XP level 16. HP: 125/125 MP: 13/28
 35363 | Swamp:5  | Got a decaying rune of Zot
 35365 | Swamp:5  | Noticed Rupert
 35387 | Swamp:5  | Killed Rupert
 35644 | Swamp:5  | Noticed a thorn hunter
 35669 | Swamp:5  | Killed a thorn hunter
 35678 | Swamp:5  | Reached skill level 12 in Maces & Flails
 36114 | Swamp:5  | Received a gift from Okawaru
 36462 | Orc:3    | Bought a wand of hasting (3) for 588 gold pieces
 36481 | Elf:1    | Entered Level 1 of the Elven Halls
 36692 | Elf:1    | Reached skill level 5 in Fighting
 36904 | Elf:1    | Received a gift from Okawaru
 36938 | Elf:1    | Got a dazzling scale mail {god gift}
 36949 | Elf:1    | Identified the -4 scale mail of Eternal Vigilance {-Cast rPois Int+5} (Okawaru gifted it to you on level 1 of the Elven Halls)
 37080 | Elf:1    | Noticed a Shadow Fiend
 37134 | Elf:1    | Identified the Papyrus of the Eternal Void
 37861 | Elf:2    | Gained mutation: You are agile. (Dex +2) [potion of beneficial mutation]
 38053 | Elf:2    | Found a runed door.
 38062 | Elf:2    | Found a runed door.
 38108 | Elf:2    | Noticed Wiglaf
 38132 | Elf:2    | Killed Wiglaf
 38235 | Elf:2    | Noticed a deep elf blademaster
 38253 | Elf:2    | Killed a deep elf blademaster
 38493 | Elf:2    | Found Ihiak's Gadget Shop.
 38628 | Elf:2    | Noticed Jorgrun
 38638 | Elf:2    | Reached XP level 17. HP: 128/147 MP: 12/28
 38663 | Elf:2    | Killed Jorgrun
 39170 | Elf:3    | Entered Level 3 of the Elven Halls
 39190 | Elf:3    | Found Schaesta's Weapon Boutique.
 39906 | Elf:3    | Reached skill level 13 in Armour
 40103 | Elf:3    | Received a gift from Okawaru
 40292 | Elf:3    | Got a wavering lead ring
 40853 | Elf:3    | Received a gift from Okawaru
 41199 | Elf:3    | Reached skill level 14 in Maces & Flails
 41254 | Elf:3    | Identified the ring "Duanunak" {rF+ MR+} (You took it off a deep elf sorcerer on level 3 of the Elven Halls)
 41384 | Elf:3    | Identified the Incunabulum of Warped Changing
 41387 | Elf:3    | Learned a level 1 spell: Beastly Appendage
 41391 | Elf:3    | Learned a level 3 spell: Portal Projectile
 41426 | Elf:3    | Identified Sif Muna's Catalogue of the Mountains and Attacks
 41473 | Elf:3    | Reached skill level 1 in Stealth
 41478 | Elf:3    | Identified the Grimoire of Doomed Enchantment
 41930 | D:12     | Found Jaen's Jewellery Shoppe.
 42269 | D:12     | Learned a level 5 spell: Irradiate
 42312 | D:12     | Noticed Zell789's ghost (powerful FoFi)
 42334 | D:12     | Killed Zell789's ghost
 42334 | D:12     | Received a gift from Okawaru
 42524 | D:12     | Found Xack's Magic Scroll Boutique.
 42636 | D:12     | Reached skill level 1 in Conjurations
 42926 | D:13     | Reached XP level 18. HP: 105/155 MP: 14/29
 43590 | D:13     | Reached skill level 5 in Stealth
 44286 | D:14     | Found a glowing golden altar of the Shining One.
 44314 | D:14     | Noticed Azrael
 44365 | D:14     | Killed Azrael
 44635 | D:14     | Found a gate to the Vaults.
 44650 | D:14     | Found a shimmering altar of Xom.
 45003 | D:15     | Entered Level 15 of the Dungeon
 45788 | D:15     | Found a staircase to the Depths.
 45914 | D:15     | Received a gift from Okawaru
 46223 | Depths:1 | Entered Level 1 of the Depths
 46367 | Depths:1 | Reached skill level 10 in Stealth
 46400 | Depths:1 | Found a gateway to a ziggurat.
 46913 | Depths:1 | Received a gift from Okawaru
 47098 | Depths:1 | Found a gateway to Hell.
 48020 | Spider:1 | Entered Level 1 of the Spider Nest
 48553 | Spider:1 | Got a scintillating tin amulet
 48555 | Spider:1 | Identified the amulet of Zasmigu {Clar rN++ Str+4 Slay-5 Stlth-} (You found it on level 1 of the Spider Nest)
 48851 | Spider:2 | Received a gift from Okawaru
 49428 | Spider:3 | Reached XP level 19. HP: 161/161 MP: 20/29
 50076 | Spider:4 | Received a gift from Okawaru
 51253 | Spider:5 | Entered Level 5 of the Spider Nest
 51995 | Spider:5 | Got a gossamer rune of Zot
 52232 | Spider:5 | Received a gift from Okawaru
 52336 | Spider:5 | Got an ichor-stained spear
 52337 | Spider:5 | Identified the +11 spear "Yxtef" {pierce, *Rage rElec rF+} (You found it on level 5 of the Spider Nest)
 53169 | Vaults:1 | Entered Level 1 of the Vaults
 53250 | Vaults:1 | Gained mutation: You are very robust (+20% HP). [potion of beneficial mutation]
 53453 | Vaults:1 | Received a gift from Okawaru
 53466 | Vaults:1 | Noticed kaibutsu's ghost (mighty OpBe)
 53513 | Vaults:1 | Killed kaibutsu's ghost
 54048 | Vaults:1 | Received a gift from Okawaru
 54366 | Vaults:1 | Received a gift from Okawaru
 54468 | Vaults:1 | Got a slimy centaur barding
 54479 | Vaults:1 | Identified the +1 centaur barding of Elyvilon's Envy {MR+ Regen+ Str+4} (You acquired it on level 1 of the Vaults)
 54565 | Vaults:1 | Upgraded the game from 0.16.1-12-gf5c4a84 to 0.16.1-14-g82efdee
 54739 | Vaults:2 | Noticed Frederick
 54775 | Vaults:2 | Killed Frederick
 54796 | Vaults:2 | Reached XP level 20. HP: 186/186 MP: 19/30
 55135 | Vaults:2 | Reached skill level 15 in Maces & Flails
 55226 | Vaults:2 | Reached skill level 1 in Dodging
 55574 | Vaults:2 | Received a gift from Okawaru
 55772 | Vaults:2 | Found a staircase to the Crypt.
 55954 | Vaults:2 | Received a gift from Okawaru
 56068 | Vaults:2 | Reached skill level 5 in Dodging
 57326 | Depths:2 | Noticed a caustic shrike
 57353 | Depths:2 | Killed a caustic shrike
 57724 | Depths:2 | Received a gift from Okawaru
 58349 | Depths:2 | Found a one-way gate to the infinite horrors of the Abyss.
 58623 | Depths:3 | Noticed a golden dragon
 58724 | Depths:3 | Killed a golden dragon
 58724 | Depths:3 | Reached XP level 21. HP: 169/193 MP: 18/31
 58758 | Depths:3 | Reached skill level 10 in Dodging
 58827 | Depths:3 | Learned a level 1 spell: Corona
 59494 | Depths:3 | Received a gift from Okawaru
 59712 | Depths:3 | Found a one-way gate leading to the halls of Pandemonium.
 60521 | Depths:3 | Received a gift from Okawaru
 60729 | Depths:4 | Found a shimmering altar of Xom.
 60863 | Depths:4 | Reached skill level 15 in Shields
 60954 | Depths:4 | Received a gift from Okawaru
 61261 | Depths:4 | Received a gift from Okawaru
 61261 | Depths:4 | Reached skill level 10 in Fighting
 61262 | Depths:4 | Got a brightly glowing chain mail {god gift}
 61273 | Depths:4 | Identified the +8 chain mail of Amelioration {MR++ rCorr Int-2 Stlth+} (Okawaru gifted it to you on level 4 of the Depths)
 61543 | Depths:4 | Noticed a caustic shrike
 61581 | Depths:4 | Killed a caustic shrike
 61679 | Depths:4 | Reached XP level 22. HP: 214/214 MP: 22/31
 63253 | Depths:4 | Learned a level 2 spell: Blink
 63574 | Depths:4 | Reached skill level 16 in Maces & Flails
 63986 | Depths:4 | Noticed a caustic shrike
 64028 | Depths:4 | Received a gift from Okawaru
 64097 | Depths:4 | Killed a caustic shrike
 64118 | Depths:4 | Got a crude lead ring
 64120 | Depths:4 | Identified the ring "Frowk" {rElec rC+ rN+ Dex-4 Slay-4 Stlth+} (You found it on level 4 of the Depths)
 64283 | Depths:4 | Got a sparkling copper ring
 64303 | Depths:4 | Identified the ring of Putagat {+Fly Int+2 Stlth+} (You took it off a deep elf demonologist on level 4 of the Depths)
 65161 | Depths:5 | Entered Level 5 of the Depths
 65192 | Depths:5 | Reached skill level 15 in Armour
 65346 | Depths:5 | Found a magical portal.
 65355 | WizLab   | Entered The Hall of Weahumme the Hellbinder
 65709 | WizLab   | Found a burning altar of Makhleb.
 65735 | WizLab   | Identified the Incunabulum of the Entourage
 65762 | WizLab   | Identified Elo Clop's Catalogue of the Escort
 66229 | Depths:5 | Found a runed door.
 66322 | Depths:5 | Received a gift from Okawaru
 66498 | Depths:5 | Reached XP level 23. HP: 225/225 MP: 23/32
 66513 | Depths:5 | Found a gate to the Realm of Zot.
 66916 | Depths:5 | Received a gift from Okawaru
 67724 | Depths:5 | Found Atiejor's Weapon Emporium.
 67935 | Depths:5 | Noticed a caustic shrike
 68031 | Depths:5 | Reached skill level 17 in Shields
 68066 | Depths:5 | Killed a caustic shrike
 68073 | Depths:5 | Received a gift from Okawaru
 68076 | Depths:5 | Got a smoking silver ring
 68078 | Depths:5 | Identified the ring "Twulol" {+Fly rC- rN+ Str+2 Dex+7} (You found it on level 5 of the Depths)
 68549 | Lair:8   | Killed an azure jelly
 68552 | Lair:8   | Fell from the grace of Okawaru
 68552 | Lair:8   | Became a worshipper of Jiyva Jeiggire the Shapeless
 68858 | Lair:8   | Acquired Jiyva's first power
 69357 | Orc:1    | Acquired Jiyva's second power
 69476 | Orc:2    | Gained mutation: You have a small jelly attached to you that may absorb incoming projectiles. [Jiyva's grace]
 69477 | Orc:2    | Acquired Jiyva's third power
 69506 | Orc:2    | Acquired Jiyva's fourth power
 69522 | Orc:2    | Gained mutation: Your mind is acute. (Int +2) [Jiyva's grace]
 69762 | Slime:1  | Entered Level 1 of the Pits of Slime
 69816 | Slime:6  | Entered Level 6 of the Pits of Slime
 69833 | Slime:6  | Found a viscous altar of Jiyva.
 69834 | Slime:6  | Noticed the royal jelly
 70749 | Orc:3    | Gained mutation: Your flesh is heat resistant. [Jiyva's grace]
 70971 | Orc:4    | Gained mutation: Your magical capacity is low (-10% MP). [Jiyva's grace]
 70975 | Orc:4    | Lost mutation: Your magical capacity is low (-10% MP). [Jiyva's power]
 70998 | Orc:4    | Lost mutation: You are agile. (Dex +2) [Jiyva's grace]
 71544 | Orc:4    | Lost mutation: You are very robust (+20% HP). [Jiyva's grace]
 71560 | Orc:4    | Gained mutation: You are somewhat resistant to further mutation. [Jiyva's grace]
 71570 | Orc:4    | Lost mutation: Your flesh is heat resistant. [Jiyva's grace]
 71926 | Slime:6  | Got a slimy rune of Zot
 71933 | Slime:6  | Gained mutation: You are surrounded by a mild repulsion field (EV +2). [Jiyva's grace]
 71990 | Slime:6  | Got a vibrating brass amulet
 72028 | Slime:6  | Identified the amulet "Vaoto" {Clar rF+ Str+2} (You found it on level 6 of the Pits of Slime)
 72040 | Slime:6  | Gained mutation: You have a small jelly attached to you that senses nearby items. [Jiyva's grace]
 72043 | Slime:6  | Got a pair of shimmering gloves
 72061 | Slime:6  | Lost mutation: You have a small jelly attached to you that may absorb incoming projectiles. [Jiyva's grace]
 72067 | Slime:6  | Identified the cursed -2 pair of gloves "Clyar" {MR+} (You found it on level 6 of the Pits of Slime)
 72081 | Slime:6  | Got a dazzling chain mail
 72084 | Slime:6  | Got a warped morningstar
 72098 | Slime:6  | Got a transparent mace
 72099 | Slime:6  | Identified the +12 morningstar of Distraction {freeze, rElec rF+ rC- MR+ Dex-4} (You found it on level 6 of the Pits of Slime)
 72100 | Slime:6  | Identified the +8 mace of Radicalism {crush, Str+7} (You found it on level 6 of the Pits of Slime)
 72114 | Slime:6  | Identified the +9 chain mail "Ciash" {-Tele Int+6} (You found it on level 6 of the Pits of Slime)
 72138 | Slime:6  | Gained mutation: Your skin is partially translucent (Stealth, -foe acc). [Jiyva's grace]
 72581 | Vaults:1 | Lost mutation: You are robust (+10% HP). [Jiyva's grace]
 73147 | Vaults:3 | Lost mutation: Your skin is partially translucent (Stealth, -foe acc). [Jiyva's grace]
 73468 | Vaults:3 | Gained mutation: Your muscles are strong. (Str +2) [Jiyva's grace]
 73543 | Vaults:3 | Lost mutation: You have a small jelly attached to you that senses nearby items. [Jiyva's grace]
 73733 | Vaults:3 | Gained mutation: Your flesh is cold resistant. [Jiyva's grace]
 73854 | Vaults:3 | Lost mutation: Your muscles are strong. (Str +2) [Jiyva's grace]
 74168 | Vaults:4 | Found Annixoi's Food Emporium.
 74326 | Vaults:4 | Lost mutation: Your flesh is cold resistant. [Jiyva's grace]
 74390 | Vaults:4 | Lost mutation: Your mind is acute. (Int +2) [Jiyva's grace]
 74490 | Vaults:4 | Gained mutation: You have a small jelly attached to you that may absorb incoming projectiles. [Jiyva's grace]
 74626 | Vaults:4 | Gained mutation: You can translocate small distances at will. [Jiyva's grace]
 74719 | Vaults:4 | Reached XP level 24. HP: 195/195 MP: 23/32
 74761 | Vaults:4 | Gained mutation: You are agile. (Dex +2) [Jiyva's grace]
 75087 | Vaults:5 | Entered Level 5 of the Vaults
 75124 | Vaults:5 | Gained mutation: You have a beak for a mouth. [Jiyva's grace]
 75184 | Vaults:5 | Lost mutation: You are agile. (Dex +2) [Jiyva's grace]
 75216 | Vaults:5 | Lost mutation: You have a small jelly attached to you that may absorb incoming projectiles. [Jiyva's grace]
 75247 | Vaults:5 | Reached skill level 18 in Maces & Flails
 75250 | Vaults:5 | Gained mutation: Scrolls take you a little longer to read. [Jiyva's grace]
 75327 | Vaults:5 | Gained mutation: Your spells are a little easier to cast, but a little less powerful. [Jiyva's grace]
 75347 | Vaults:5 | Gained mutation: Your muscles are strong. (Str +2) [Jiyva's grace]
 75415 | Vaults:5 | Got a clouded pewter ring
 75485 | Vaults:5 | Lost mutation: You can translocate small distances at will. [Jiyva's grace]
 75558 | Vaults:5 | Got a coiled brass ring
 75568 | Vaults:5 | Gained mutation: Your body is partially covered in golden eyeballs (Acc +3). [Jiyva's grace]
 75574 | Vaults:5 | Got a silver rune of Zot
 75590 | Vaults:5 | Identified the ring "Schexon" {rPois MP+9 SInv} (You took it off an orc on level 5 of the Vaults)
 75592 | Vaults:5 | Identified the ring of Peagaluss {rPois rC+ Dex+2} (You took it off an ironbrand convoker on level 5 of the Vaults)
 75599 | Vaults:5 | Lost mutation: Your spells are a little easier to cast, but a little less powerful. [Jiyva's grace]
 75629 | Vaults:5 | Got a spiked scale mail
 75640 | Vaults:5 | Identified the -10 scale mail of Ulien {rCorr} (You found it on level 5 of the Vaults)
 75723 | Vaults:5 | Lost mutation: Scrolls take you a little longer to read. [Jiyva's grace]
 75831 | Vaults:5 | Found Wuling's Antique Armour Emporium.
 76062 | Vaults:5 | Gained mutation: You have a small jelly attached to you that senses nearby items. [Jiyva's grace]
 76117 | Vaults:5 | Identified the Disquisition on the Escort
 76183 | Vaults:5 | Reached skill level 19 in Maces & Flails
 76468 | Vaults:5 | Lost mutation: You have a small jelly attached to you that senses nearby items. [Jiyva's grace]
 76510 | Vaults:5 | Lost mutation: Your body is partially covered in golden eyeballs (Acc +3). [Jiyva's grace]
 76559 | Vaults:5 | Gained mutation: You possess an exceptional clarity of mind. [Jiyva's grace]
 76595 | Vaults:5 | Lost mutation: You are surrounded by a mild repulsion field (EV +2). [Jiyva's grace]
 76872 | Vaults:5 | Gained mutation: You can translocate small distances at will. [Jiyva's grace]
 76899 | Vaults:5 | Lost mutation: You are somewhat resistant to further mutation. [Jiyva's grace]
 76913 | Vaults:5 | Gained mutation: You are somewhat resistant to further mutation. [Jiyva's grace]
 76928 | Vaults:5 | Gained mutation: You passively map a small area around you. [Jiyva's grace]
 76934 | Vaults:5 | Gained mutation: You have acidic saliva. [Jiyva's grace]
 77189 | Vaults:1 | Lost mutation: Your muscles are strong. (Str +2) [Jiyva's grace]
 77399 | Depths:5 | Gained mutation: Your spells are a little harder to cast, but a little more powerful. [Jiyva's grace]
 77431 | Hell     | Entered the Vestibule of Hell
 77431 | Hell     | Noticed Geryon
 77475 | Depths:5 | Lost mutation: You passively map a small area around you. [Jiyva's grace]
 77586 | Depths:5 | Quit the game

Action                   |  1- 3 |  4- 6 |  7- 9 | 10-12 | 13-15 | 16-18 | 19-21 | 22-24 || total
-------------------------+-------+-------+-------+-------+-------+-------+-------+-------++-------
Melee: Trident           |   155 |   223 |   568 |   901 |       |       |       |       ||  1847
       Dagger            |       |       |    82 |       |       |       |       |       ||    82
       Blowgun           |       |       |     1 |       |       |       |       |       ||     1
       Falchion          |       |       |       |    42 |   196 |       |       |       ||   238
       Demon whip        |       |       |       |       |  2005 |  2443 |  3941 |  4253 || 12642
       Demon trident     |       |       |       |       |   216 |       |       |       ||   216
 Fire: Blowgun           |       |       |    43 |   125 |       |       |       |       ||   168
Throw: Stone             |       |    27 |    40 |       |       |       |       |       ||    67
       Javelin           |       |       |    32 |     5 |    43 |       |   395 |    14 ||   489
       Tomahawk          |       |       |    24 |   459 |   241 |   322 |    74 |       ||  1120
       Throwing net      |       |       |     2 |       |       |       |       |       ||     2
Invok: Heroism           |       |     4 |     8 |    26 |    19 |    33 |    24 |     6 ||   120
       Finesse           |       |       |       |     3 |     9 |     7 |    13 |     5 ||    37
       Request Jelly     |       |       |       |       |       |       |       |    22 ||    22
       Slimify           |       |       |       |       |       |       |       |    33 ||    33
       Cure Bad Mutation |       |       |       |       |       |       |       |     2 ||     2
       Jelly Paralyse    |       |       |       |       |       |       |       |     1 ||     1
 Abil: Evoke Flight      |       |       |       |       |       |       |       |     1 ||     1
       Evoke Blink       |       |       |       |       |       |       |       |     1 ||     1
Evoke: Wand              |       |       |       |       |       |       |    17 |     6 ||    23
  Use: Scroll            |       |     4 |     6 |    12 |    10 |    12 |    11 |     9 ||    64
       Potion            |       |       |       |     4 |     2 |     2 |     3 |     2 ||    13
 Stab: Held in net/web   |       |       |     1 |       |       |       |     1 |       ||     2
       Distracted        |       |       |       |       |     1 |       |       |     3 ||     4
       Confused          |       |       |       |       |     1 |       |       |     4 ||     5
  Eat: Chunk             |     1 |     7 |    18 |    30 |    40 |    41 |    40 |    23 ||   200
       Beef jerky        |       |       |       |     2 |       |       |       |       ||     2
       Meat ration       |       |       |       |       |     2 |       |       |       ||     2
       Fruit             |       |       |       |       |       |     1 |       |     2 ||     3
